AoeStats
← Iamak3186

Arabia

503362944Analyzed
1v1 RM · 1mo ago on Aug 31, 2026· 31m 3s· 2 players
Game mode
Random Map
Map size
Tiny (2 player)
Population
200
Speed
Normal
Resources
Standard
Victory
Conquest
Starting age
Dark Age
Ending age
Imperial Age
RankedLock teamsTeams togetherTeam positionsShared explorationLock speedFull tech treeHidden civsTurbo modeCheats
Victory
Defeat
🇮🇳 Mongols · India
1304
+16
🇩🇪 Lithuanians · Germany
1300
-16
Tempestas
6:28 Loom
9:24 Feudal Age
12:03 Double-Bit Axe
19:17 Castle Age
17:07 Horse Collar
19:11 Forging
19:28 Scale Mail Armor
21:04 Scale Barding Armor
21:52 Bloodlines
22:58 Fletching
24:40 Wheelbarrow
28:35 Iron Casting
27:34 Pikeman
28:29 Town Watch
30:44 Chain Barding Armor
Iamak3186
5:17 Loom
7:56 Feudal Age
9:30 Double-Bit Axe
14:43 Horse Collar
18:34 Castle Age
17:32 Bloodlines
17:36 Gold Mining
18:39 Scale Barding Armor
21:37 Wheelbarrow
27:18 Town Watch
27:24 Town Watch
27:55 Hand Cart
28:24 Forging
30:06 Chain Barding Armor
Connection lost

Rejoining the realm…

Still unreachable

The connection could not be restored.

Session expired

The server has moved on; the page needs a fresh start.